 Dungeon Crawl Stone Soup version 0.26-a0-958-gf3041fb45f (webtiles) character file.

Game seed: 2318154680843484119

186 Gargoyl the Skirmisher (level 5, -3/47 HPs)
             Began as a Gnoll Abyssal Knight on Dec 1, 2020.
             Was a Believer of Lugonu.
             Hit by a stone thrown by an orc warrior (7 damage)
             ... on level 3 of the Dungeon.
             The game lasted 00:02:59 (2053 turns).

Gargoyl the Skirmisher (Gnoll Abyssal Knight)       Turns: 2053, Time: 00:02:59

Health: -3/47      AC: 10    Str: 15    XL:     5   Next: 65%
Magic:  8/8        EV:  8    Int: 14    God:    Lugonu [**....]
Gold:   72         SH:  8    Dex: 15    Spells: 7/7 levels left

rFire    . . .     SeeInvis .   g - +1 short sword (venom)
rCold    . . .     Faith    .   j - +0 kite shield
rNeg     . . .     Spirit   .   d - +0 scale mail
rPois    +         Reflect  .   (no helmet)
rElec    .         Harm     .   (no cloak)
rCorr    .         Rampage  .   (no gloves)
MR       .....                  c - +2 pair of boots
Stlth    +.........             (no amulet)
HPRegen  0.15/turn              f - ring of poison resistance
MPRegen  0.11/turn              (no ring)

@: no status effects
A: distributed training, fangs 1, strong nose
a: Depart the Abyss, Bend Space, Renounce Religion


You were on level 3 of the Dungeon.
You worshipped Lugonu.
Lugonu was pleased with you.
You visited 1 branch of the dungeon, and saw 3 of its levels.
You visited the Abyss 1 time.

You collected 72 gold pieces.

Inventory:

Hand Weapons
 a - a +1 hand axe
 g - a +1 short sword of venom (weapon)
Armour
 c - a +2 pair of boots (worn)
 d - a +0 scale mail (worn)
 j - a +0 kite shield (worn)
Jewellery
 f - a ring of poison resistance (left hand)
Scrolls
 e - 2 scrolls of identify
Potions
 b - a potion of invisibility
 h - a potion of flight
 i - a potion of heal wounds
 k - a potion of magic
 l - 3 potions of attraction {unknown}


   Skills:
 + Level 6.7 Fighting
 + Level 1.6 Short Blades
 + Level 1.6 Long Blades
 + Level 4.8 Axes
 + Level 1.6 Maces & Flails
 + Level 1.6 Polearms
 + Level 1.6 Staves
 + Level 1.6 Slings
 + Level 1.6 Bows
 + Level 1.6 Crossbows
 + Level 1.6 Throwing
 + Level 4.8 Armour
 + Level 3.0 Dodging
 + Level 1.6 Stealth
 + Level 1.6 Shields
 + Level 1.6 Unarmed Combat
 + Level 1.6 Spellcasting
 + Level 1.2 Conjurations
 + Level 1.2 Hexes
 + Level 1.2 Summonings
 + Level 1.2 Necromancy
 + Level 1.2 Translocations
 + Level 1.2 Transmutations
 + Level 1.2 Fire Magic
 + Level 1.2 Ice Magic
 + Level 1.2 Air Magic
 + Level 1.2 Earth Magic
 + Level 1.2 Poison Magic
 + Level 4.9 Invocations
 + Level 1.6 Evocations


You had 7 spell levels left.
You didn't know any spells.
Your spell library was empty.

Dungeon Overview and Level Annotations

Branches:
Dungeon (3/15)

Altars:
Qazlal


Innate Abilities, Weirdness & Mutations

Your experience applies equally to all skills.
You have very sharp teeth.
Your uncanny sense of smell can sniff out nearby items.


Message History

The stone hits you but does no damage. The rat barely misses you.
You hit the rat.
You kill the rat!
Lugonu accepts your kill.
You can now bend space around yourself.
Unknown command.
The orc warrior hits you with a +0 flail!
You see here 2 stones.
You closely miss the orc warrior.
You bite the orc warrior, but do no damage.
The orc warrior hits you with a +0 flail!!
You hit the orc warrior but do no damage.
The orc warrior is poisoned.
You block the orc warrior's attack.
You hit the orc warrior but do no damage.
The orc warrior looks even sicker.
The orc warrior hits you with a +0 flail!
* * * LOW HITPOINT WARNING * * *
The orc warrior throws a stone.
The stone hits you but does no damage.
You see here a stone.
The orc warrior throws a stone.
The stone hits you!
You die...

..####.......#
##..#
..#.§§...)#.## #..#
..#§§§§......#
#..######
.##§.§....###.
#........
.##.§.§...#
#........
....§§....#
#†o.?....
.##..§§..... #(#
.##.......#######(#
.##.####### #..@.#
###.# #....# .##>#
### #..[##
....###.#### ##.##
.###...#...# #.#
......###..####.#
.###.## ##...)..#
.# #..###..######
.# #.#.#.#.#


You could see an orc warrior (very poisoned).

Vanquished Creatures
  A bullfrog (D:3)
  An orc priest (D:3)
  4 adders
  3 dart slugs
  3 orcs (D:3)
  A giant cockroach (D:1)
  6 goblins
  2 hobgoblins
  8 jackals (D:2)
  2 quokkas (D:2)
  5 bats
  2 frilled lizards (D:1)
  4 kobolds (D:1)
  6 rats
48 creatures vanquished.

Vanquished Creatures (others)
  A large abomination (Abyss:3)
1 creature vanquished.

Grand Total: 49 creatures vanquished

Notes
Turn   | Place    | Note
-------+----------+-------------------------------------------
     0 | Abyss:1  | Gargoyl the Gnoll Abyssal Knight began the quest for the
                  | Orb.
     0 | Abyss:1  | Reached XP level 1. HP: 23/23 MP: 3/3
    48 | Abyss:1  | Noticed a small abomination
    75 | Abyss:2  | Found a corrupted altar of Lugonu.
   134 | Abyss:3  | Noticed an ancient zyme
   143 | Abyss:3  | Noticed a neqoxec
   145 | Abyss:3  | Noticed a neqoxec
   146 | Abyss:3  | Noticed a polar bear
   148 | Abyss:3  | Noticed a bone dragon
   148 | Abyss:3  | Killed a large abomination
   151 | Abyss:3  | Noticed a large abomination
   152 | Abyss:3  | Noticed a neqoxec
   153 | Abyss:3  | Noticed a crimson imp
   155 | D:1      | Escaped the Abyss
   308 | D:1      | Reached XP level 2. HP: 19/29 MP: 5/5
   559 | D:1      | Reached * piety under Lugonu
   885 | D:1      | Reached XP level 3. HP: 35/35 MP: 6/6
  1176 | D:2      | Reached skill level 1 in Short Blades
  1176 | D:2      | Reached skill level 1 in Long Blades
  1176 | D:2      | Reached skill level 1 in Maces & Flails
  1176 | D:2      | Reached skill level 1 in Polearms
  1176 | D:2      | Reached skill level 1 in Staves
  1176 | D:2      | Reached skill level 1 in Slings
  1176 | D:2      | Reached skill level 1 in Bows
  1176 | D:2      | Reached skill level 1 in Crossbows
  1176 | D:2      | Reached skill level 1 in Throwing
  1176 | D:2      | Reached skill level 1 in Stealth
  1176 | D:2      | Reached skill level 1 in Shields
  1176 | D:2      | Reached skill level 1 in Unarmed Combat
  1176 | D:2      | Reached skill level 1 in Spellcasting
  1176 | D:2      | Reached skill level 1 in Evocations
  1267 | D:2      | Reached XP level 4. HP: 39/41 MP: 7/7
  1290 | D:2      | Found a stormy altar of Qazlal.
  1772 | D:3      | Noticed a bullfrog
  1782 | D:3      | Killed a bullfrog
  1783 | D:3      | Reached skill level 1 in Conjurations
  1783 | D:3      | Reached skill level 1 in Hexes
  1783 | D:3      | Reached skill level 1 in Summonings
  1783 | D:3      | Reached skill level 1 in Necromancy
  1783 | D:3      | Reached skill level 1 in Translocations
  1783 | D:3      | Reached skill level 1 in Transmutations
  1783 | D:3      | Reached skill level 1 in Fire Magic
  1783 | D:3      | Reached skill level 1 in Ice Magic
  1783 | D:3      | Reached skill level 1 in Air Magic
  1783 | D:3      | Reached skill level 1 in Earth Magic
  1783 | D:3      | Reached skill level 1 in Poison Magic
  1783 | D:3      | Reached XP level 5. HP: 32/47 MP: 8/8
  2042 | D:3      | Noticed an orc warrior
  2044 | D:3      | Reached ** piety under Lugonu
  2053 | D:3      | Hit by a stone thrown by an orc warrior

Illustrated notes

Levels and vault maps discovered:
D:1:      wander_arrival_lonely_grave, layout_rooms, kennysheep_boxes
D:2:      layout_loops_ring, nicolae_qazlal_eye_of_the_storm
D:3:      layout_loops_cross, uniq_robin, uniq_grinder, uniq_terence

Skill      XL: |  1  2  3  4  5 |
---------------+----------------+-----
Short Blades   | 1 |  1.6
Long Blades    | 1 |  1.6
Maces & Flails | 1 |  1.6
Polearms       | 1 |  1.6
Staves         | 1 |  1.6
Slings         | 1 |  1.6
Bows           | 1 |  1.6
Crossbows      | 1 |  1.6
Throwing       | 1 |  1.6
Stealth        | 1 |  1.6
Shields        | 1 |  1.6
Unarmed Combat | 1 |  1.6
Spellcasting   | 1 |  1.6
Evocations     | 1 |  1.6
Conjurations   | 1 |  1.2
Hexes          | 1 |  1.2
Summonings     | 1 |  1.2
Necromancy     | 1 |  1.2
Translocations | 1 |  1.2
Transmutations | 1 |  1.2
Fire Magic     | 1 |  1.2
Ice Magic      | 1 |  1.2
Air Magic      | 1 |  1.2
Earth Magic    | 1 |  1.2
Poison Magic   | 1 |  1.2
Dodging        | 3 |  3.0
Fighting       | |  6.7
Axes           | |  4.8
Armour         | |  4.8
Invocations    | |  4.9

Action                   |  1- 3 |  4- 6 || total
-------------------------+-------+-------++-------
Melee: Hand axe          |    43 |       ||    43
       Bite              |    11 |     3 ||    14
       Short sword       |    51 |    54 ||   105
Invok: Depart the Abyss  |     1 |       ||     1
  Use: Scroll            |     5 |     4 ||     9
Armor: Scale mail        |    42 |    17 ||    59
Dodge: Dodged            |    53 |    21 ||    74
Block: Kite shield       |       |    12 ||    12

Table legend: (Time is in decaauts)
 A = Elapsed time spent in this place.
 B = Non-inter-level travel time spent in this place.
 C = Inter-level travel time spent in this place.
 D = Time resting spent in this place.
 E = Time spent auto-exploring this place.
 F = Levels seen in this place.
 G = Mean time per level.
                   A        B        C        D        E       F      G
               +--------+--------+--------+--------+--------+-----+--------+
         Total |   2062 |   2026 |     36 |     79 |   1516 |   6 |  343.7 |
       Dungeon |   1907 |   1871 |     36 |     79 |   1441 |   3 |  635.7 |
         Abyss |    154 |    154 |      0 |      0 |     75 |   3 |   51.3 |
               +--------+--------+--------+--------+--------+-----+--------+

Top non-repeatable levels by time:
     D:1: 819 daAuts
     D:2: 752 daAuts
     D:3: 335 daAuts
 Abyss:1: 66 daAuts
 Abyss:3: 53 daAuts
 Abyss:2: 34 daAuts
